 Dungeon Crawl Stone Soup version 0.29-a0-344-ge2f44be95a (webtiles) character file.

Game seed: 16773356241956161520

126 spaghetti the Conjurer (level 5, -12/42 HPs)
             Began as a Naga Conjurer on Apr 21, 2022.
             Killed from afar by Ijyb (20 damage)
             ... with a bolt of acid
             ... on level 3 of the Dungeon.
             The game lasted 00:04:46 (3455 turns).

spaghetti the Conjurer (Naga Conjurer)              Turns: 3455, Time: 00:04:47

Health: -12/42     AC:  2    Str:  9    XL:     5   Next: 10%
Magic:  3/9        EV:  9    Int: 21    God:
Gold:   100        SH:  0    Dex:  9    Spells: 6/9 levels left

rFire   . . .      SeeInvis +   t - +2 dagger (elec) {short}
rCold   . . .      Faith    .   (no shield)
rNeg    . . .      Spirit   .   a - +0 robe
rPois   +          Reflect  .   (no helmet)
rElec   .          Harm     .   (no cloak)
rCorr   .          Rampage  .   (no gloves)
Will    .....                   (no barding)
Stlth   ++........              (no amulet)
HPRegen 0.14/turn               (no ring)
MPRegen 0.11/turn               (no ring)

@: weak-willed, attractive, flying, very slow
A: AC +1, large, see invisible, deformed body, poison resistance, slowness 2,
spit poison 1, naga tail 1, screaming 1, evolution 1
a: Spit Poison


You were on level 3 of the Dungeon.
You visited 1 branch of the dungeon, and saw 3 of its levels.

You collected 100 gold pieces.


Innate Abilities, Weirdness & Mutations

Your serpentine skin is tough. (AC +1)
You have supernaturally acute eyesight. (SInv)
Armour fits poorly on your strangely shaped body.
Your system is resistant to poisons. (rPois)
You cover ground very slowly.
You can spit poison.
You have a snake-like lower body.
You occasionally shout uncontrollably at your foes.
You have hidden genetic potential.


   Skills:
 - Level 1.5 Dodging
 - Level 3.0 Stealth
 + Level 2.7 Spellcasting
 + Level 5.8 Conjurations


You had 6 spell levels left.
You knew the following spells:

 Your Spells              Type           Power      Damage    Failure   Level
a - Magic Dart            Conj           100%       1d8       1%          1
b - Searing Ray           Conj           54%        2d6       1%          2

Your spell library contained the following spells:

 Spells                   Type           Power      Damage    Failure   Level
 Dazzling Flash           Conj/Hex       30%        N/A       12%         3
 Fulminant Prism          Conj/Hex       7%         3d7       38%         4
 Iskenderun's Mystic Bla  Conj/Tloc      15%        2d5       38%         4

Inventory:

Hand Weapons
 c - a +0 spear {polearm}
   (You found it on level 1 of the Dungeon)
 t - a +2 dagger of electrocution (weapon) {short}
   (You took it off a goblin on level 3 of the Dungeon)
Missiles
 d - 61 stones {throwing}
 l - 6 boomerangs {throwing}
 p - 3 atropa-tipped darts {throwing}
Armour
 a - a +0 robe (worn)
Jewellery
 m - an amulet of guardian spirit
   (You found it on level 2 of the Dungeon)
Scrolls
 e - 3 scrolls of magic mapping {!r}
 n - a scroll of immolation {!r!r}
 o - a scroll of enchant weapon {unknown}
 q - a scroll of amnesia {unknown}
 r - a scroll of identify {unknown}
 v - a scroll of enchant armour {unknown}
Potions
 b - a potion of magic

Dungeon Overview and Level Annotations

Branches:
Dungeon (3/15)

Altars:

Annotations:
D:3 Ijyb

.#####.##.#
#.......# *
.......##.#
#.......# *
.########.#
#.[.....# * ##
#.....### #.......#
#.#.....#
#.......#####
#####.#.###'##
#...........#
......#.#....#
#....ยง......#
#######.#....#####โ€
###.....#
#.#.......@g.#
*,....#
#.#....#######
*,,...# #.######
*,,,..# #######.#
*****## ........#
..####### ..'..#..#
..#..#..#
..#####'####


You could see Ijyb (inner flame, weak-willed).


Message History

Aiming: Searing Ray (safe; 1% risk of failure)
Press: ? - help, Shift-Dir - straight line, f/p - Ijyb
Aim: Ijyb, wielding a +0 dagger, wearing a +4 ring mail of cold resistance and carrying a wand of acid (9) (77% to hit)
The searing ray hits Ijyb but does no damage. (Press . to maintain the ray.) Ijyb zaps a wand.
The bolt of acid misses you. ๐Ÿ˜ฎ MP[-2]
You lost 2 mp, and now have 4/9 mp.
Unknown command.
Unknown command.
The searing ray hits Ijyb but does no damage.
Ijyb zaps a wand.
The bolt of acid hits you!
* * * LOW HITPOINT WARNING * * *
๐Ÿ˜จ HP[-15] MP[-1]
You take 15 damage, and now have 12/42 hp.
MASSIVE DAMAGE!! (PAUSE)
You lost 1 mp, and now have 3/9 mp.
Unknown command.
The searing ray hits Ijyb. ๐Ÿ˜จ MP[-1]
You lost 1 mp, and now have 2/9 mp.
The searing ray hits Ijyb.
You finish channelling your searing ray.
Ijyb zaps a wand.
The bolt of acid misses you. ๐Ÿ˜จ MP[-1]
You lost 1 mp, and now have 1/9 mp.
Unknown command.
Aiming: Spit Poison (1% risk of failure)
Press: ? - help, Shift-Dir - straight line, f/p - Ijyb
Aim: Ijyb, wielding a +0 dagger, wearing a +4 ring mail of cold resistance and carrying a wand of acid (6) (moderately wounded, 54% to hit)
The splash of poison misses Ijyb.
Okay, then.
It was a potion of mutation.
You feel extremely strange.
You feel a hidden potential growing inside you.
You feel the urge to shout. Ijyb hits you with a +0 dagger.
* * * LOW HITPOINT WARNING * * *
๐Ÿ˜จ HP[-1] MP[+1]
You take 1 damage, and now have 11/42 hp.
It was a potion of cancellation.
You feel magically purged. Ijyb hits you with a +0 dagger.
* * * LOW HITPOINT WARNING * * *
๐Ÿ˜ฑ HP[-4]
You take 4 damage, and now have 7/42 hp.
It was a potion of attraction.
You feel attractive to monsters.
Ijyb zaps a wand.
The bolt of acid misses you. ๐Ÿ˜ฑ HP[+1] It was a potion of flight.
You feel very buoyant.
You fly up into the air.
Ijyb hits you with a +0 dagger.
* * * LOW HITPOINT WARNING * * *
๐Ÿ˜ฑ HP[-3]
You take 3 damage, and now have 5/42 hp.
It was a potion of curing.
You feel better.
You have got your breath back.
Ijyb barely misses you. ๐Ÿ˜จ HP[+6]
You regained 6 hp, and now have 11/42 hp.
Aiming: Spit Poison (1% risk of failure)
Press: ? - help, Shift-Dir - straight line, f/p - Ijyb
Aim: Ijyb, wielding a +0 dagger, wearing a +4 ring mail of cold resistance and carrying a wand of acid (5) (moderately wounded, 54% to hit)
The splash of poison misses Ijyb.
Ijyb closely misses you.
Okay, then.
As you read the scroll labelled UDUN VYH VAPS, it crumbles to dust.
You hear a loud clanging noise!
It was a scroll of noise.
Ijyb hits you with a +0 dagger.
* * * LOW HITPOINT WARNING * * *
๐Ÿ˜ฑ HP[-2]
You take 2 damage, and now have 9/42 hp.
As you read the scroll labelled DENIKKIV EMEUTE, it crumbles to dust.
Magic quickly surges around you.
It was a scroll of vulnerability.
Ijyb zaps a wand.
The bolt of acid misses you.
As you read the scroll labelled GECSYM INKER, it crumbles to dust.
You feel aware of your surroundings.
You sensed 1 altar.
It was a scroll of magic mapping.
Ijyb screams, "You nasty!
Big nasty!"
Ijyb hits you with a +0 dagger.
* * * LOW HITPOINT WARNING * * *
๐Ÿ˜ฑ HP[-2]
You take 2 damage, and now have 7/42 hp.
Blink to where?
Press: ? - help, Dir - move target, p - Ijyb
As you read the scroll labelled POIGUA XAYHEEDGH, it crumbles to dust.
It was a scroll of blinking.
You have got your breath back.
Ijyb is attracted toward you. ๐Ÿ˜ฑ HP[+1] MP[+1]
Okay, then.
As you read the scroll labelled NOIPIM FA FUR, it crumbles to dust.
The creatures around you are filled with an inner flame!
It was a scroll of immolation.
Ijyb zaps a wand.
The bolt of acid hits you!!
You die...

Skill      XL: |  1  2  3 |
---------------+----------+-----
Conjurations   | 5 |  5.8
Dodging        | |  1.5
Stealth        | |  3.0
Spellcasting   | |  2.7

Action                   |  1- 3 |  4- 6 || total
-------------------------+-------+-------++-------
Melee: Spear             |    16 |       ||    16
 Cast: Magic Dart        |    92 |    36 ||   128
       Searing Ray       |       |     2 ||     2
 Abil: Spit Poison       |     7 |     2 ||     9
  Use: Scroll            |       |     5 ||     5
       Potion            |       |     5 ||     5
 Stab: Sleeping          |     1 |       ||     1
Armor: Robe              |    11 |     2 ||    13
Dodge: Dodged            |    10 |     9 ||    19

Levels and vault maps discovered:
D:1:      shiori_arrival_maze, layout_basic
D:2:      layout_basic
D:3:      layout_basic, cheibriados_altar_1, minmay_snake_closets, uniq_ijyb

Notes
Turn   | Place    | Note
-------+----------+-------------------------------------------
     0 | D:1      | spaghetti the Naga Conjurer began the quest for the Orb.
     0 | D:1      | Reached XP level 1. HP: 15/15 MP: 3/3
     0 | D:1      | magus.rc [v1.9.6]
   193 | D:1      | Reached XP level 2. HP: 13/22 MP: 1/5
  1310 | D:1      | Reached XP level 3. HP: 28/28 MP: 4/6
  1445 | D:1      | Reached skill level 5 in Conjurations
  2504 | D:3      | Learned a level 2 spell: Searing Ray
  2569 | D:3      | Reached XP level 4. HP: 36/36 MP: 3/7
  3288 | D:3      | Reached XP level 5. HP: 39/42 MP: 3/9
  3436 | D:3      | Noticed Ijyb
  3445 | D:3      | Gained mutation: You have hidden genetic potential. [potion
                  | of mutation]
  3445 | D:3      | Gained mutation: You occasionally shout uncontrollably at
                  | your foes. [potion of mutation]
  3446 | D:3      | HP: 7/42 [Ijyb/+0 dagger (4)]
  3451 | D:3      | HP: 9/42 [Ijyb/+0 dagger (2)]
  3455 | D:3      | Killed from afar by Ijyb

Vanquished Creatures
  6 adders (D:3)
  2 worms (D:2)
  2 dart slugs
  5 orcs
  5 endoplasms
  6 giant cockroaches
  3 goblins
  3 hobgoblins
  5 kobolds
  2 quokkas
  7 ball pythons
  5 bats
  2 frilled lizards
  4 rats
57 creatures vanquished.

Table legend:
 A = Non-vault XP
 B = Vault XP
 C = Vault XP percentage of total XP
 D = Non-vault monster count
 E = Vault monster count
 F = Vault count percentage of total count
                 A         B        C        D         E       F
            +---------+---------+-------+---------+---------+-------
      Total |      91 |      90 |  49.7 |      44 |      13 |  22.8
            +---------+---------+-------+---------+---------+-------
        D:1 |      38 |       3 |   7.3 |      22 |       2 |   8.3
        D:2 |      36 |       0 |   0.0 |      15 |       0 |   0.0
        D:3 |      17 |      87 |  83.7 |       7 |      11 |  61.1
            +---------+---------+-------+---------+---------+-------

Illustrated notes

Table legend:
 A = Kills in this place as a percentage of kills in entire the game.
 B = Kills by you in this place as a percentage of kills by you in the entire game.
 C = Kills by friends in this place as a percentage of kills by friends in the entire game.
 D = Other kills in this place as a percentage of other kills in the entire game.
 E = Experience gained in this place as a percentage of experience gained in the entire game.
 F = Experience gained in this place divided by the number of levels of this place that you have seen.
                   A       B       C       D       E      F
               +-------+-------+-------+-------+-------+----------------------
         Total | 100.0 | 100.0 |   N/A |   N/A | 100.0 |  60.3
       Dungeon | 100.0 | 100.0 |   N/A |   N/A | 100.0 |  60.3
               +-------+-------+-------+-------+-------+----------------------

Table legend: (Time is in decaauts)
 A = Elapsed time spent in this place.
 B = Non-inter-level travel time spent in this place.
 C = Inter-level travel time spent in this place.
 D = Time resting spent in this place.
 E = Time spent auto-exploring this place.
 F = Levels seen in this place.
 G = Mean time per level.
                   A        B        C        D        E       F      G
               +--------+--------+--------+--------+--------+-----+--------+
         Total |   4052 |   3988 |     64 |    105 |   3566 |   3 | 1350.7 |
       Dungeon |   4052 |   3988 |     64 |    105 |   3566 |   3 | 1350.7 |
               +--------+--------+--------+--------+--------+-----+--------+

Top non-repeatable levels by time:
     D:1: 2071 daAuts
     D:3: 1128 daAuts
     D:2: 853 daAuts
